 Dungeon Crawl Stone Soup version 0.28.0-55-gcd9437bce4 (webtiles) character file.

Game seed: 17019106534927842217

52 nerdsy the Digger (level 3, 0/28 HPs)
             Began as a Deep Dwarf Earth Elementalist on Jan 1, 2023.
             Slain by a jackal (1 damage)
             ... on level 2 of the Dungeon.
             The game lasted 00:12:10 (1486 turns).

nerdsy the Digger (Deep Dwarf Earth Elementalist)   Turns: 1486, Time: 00:12:11

Health: 0/28       AC:  6    Str: 11    XL:     3   Next: 60%
Magic:  6/6        EV: 11    Int: 17    God:
Gold:   35         SH:  0    Dex: 13    Spells: 5/6 levels left

rFire   . . .      SeeInvis .   g - +0 mace
rCold   . . .      Faith    .   (no shield)
rNeg    . . .      Spirit   .   k - +0 ring mail
rPois   .          Reflect  .   (no helmet)
rElec   .          Harm     .   (no cloak)
rCorr   .          Rampage  .   (no gloves)
Will    .....                   f - +0 pair of boots {Fly}
Stlth   ++........              (no amulet)
HPRegen 0.00/turn               (no ring)
MPRegen 0.10/turn               (no ring)

@: flying
A: damage resistance, heal wounds, sense surroundings 1, no regeneration
a: Heal Wounds


You were on level 2 of the Dungeon.
You visited 1 branch of the dungeon, and saw 2 of its levels.

You collected 35 gold pieces.

Inventory:

Hand Weapons
 g - a +0 mace (weapon)
Missiles
 c - 113 stones (quivered)
 e - 16 arrows
 j - 4 poisoned darts
Armour
 f - a +0 pair of boots of flying (worn)
 k - a +0 ring mail (worn)
Scrolls
 a - 3 scrolls of enchant weapon {unknown}
 b - a scroll of amnesia {unknown}
Potions
 h - a potion of brilliance {unknown}
 i - a potion of degeneration {unknown}


   Skills:
 + Level 0.1 Short Blades
 + Level 0.8 Maces & Flails
 + Level 0.8 Armour
 + Level 2.5 Dodging
 + Level 2.9 Stealth
 + Level 2.1 Spellcasting
 + Level 0.8 Transmutations
 + Level 4.9 Earth Magic


You had 5 spell levels left.
You knew the following spells:

 Your Spells              Type           Power      Damage    Failure   Level
a - Sandblast             Erth           36%        2d10      6%          1

Your spell library contained the following spells:

 Spells                   Type           Power      Damage    Failure   Level
 Passwall                 Tmut/Erth      9%         N/A       22%         2
 Stone Arrow              Conj/Erth      20%        3d8       45%         3
 Petrify                  Tmut/Erth      11%        N/A       80%         4


Dungeon Overview and Level Annotations

Branches:
Dungeon (2/15)

Altars:


Innate Abilities, Weirdness & Mutations

You are resistant to damage.
You can heal yourself by infusing magical energy.
You passively map a small area around you.
You do not regenerate.


Message History

You closely miss the jackal.
The jackal bites you but does no damage.
The jackal bites you.
* * * LOW HITPOINT WARNING * * *
The jackal misses you. The jackal bites you.
You hit the jackal.
The jackal is moderately wounded.
The jackal bites you.
* * * LOW HITPOINT WARNING * * *
The jackal bites you but does no damage.
The jackal barely misses you.
The jackal bites you but does no damage.
You hit the jackal but do no damage.
The jackal is moderately wounded.
The jackal barely misses you. x2
The jackal bites you but does no damage. x2
You completely miss the jackal.
The jackal is moderately wounded.
The jackal bites you but does no damage. x2
The jackal misses you.
The jackal bites you but does no damage.
You hit the jackal.
The jackal is severely wounded.
The jackal closely misses you. The jackal misses you.
The jackal bites you but does no damage.
You barely miss the jackal.
The jackal is severely wounded.
The jackal barely misses you.
The jackal bites you but does no damage. x2
The jackal closely misses you.
You closely miss the jackal.
The jackal is severely wounded.
The jackal bites you.
* * * LOW HITPOINT WARNING * * *
The jackal closely misses you. The jackal barely misses you.
The jackal closely misses you.
You completely miss the jackal.
The jackal is severely wounded.
The jackal bites you.
You die...

, * ., , ,,# * , .##### ,
.#.#.. * ####...... * .......
,, , ........ ....#.# *
#####.#..#.# * ,..#...#
#<.........# *# #.#...###
#####.#.##.#
##.##.#.....##.#####.#....#.
#. ........@h...............
##..##.##....h...##..........
, *
#....<..)....#.#.##..........
######.#####.#.#.............
, #†# #.# ####.....##### ,
*###.# #.# ##...## ..#.# #.#
#...###### ,, #.#.#####.#
###....... , *
#.#.....#.#.#######.......


You could see 2 jackals.

Vanquished Creatures
  An adder (D:2)
  3 dart slugs
  3 bats
  2 endoplasms (D:2)
  A giant cockroach (D:1)
  8 goblins
  A hobgoblin (D:1)
  A jackal (D:2)
  4 kobolds
  2 quokkas (D:1)
  3 ball pythons (D:1)
  3 frilled lizards
  4 rats (D:1)
36 creatures vanquished.

Notes
Turn   | Place    | Note
-------+----------+-------------------------------------------
     0 | D:1      | nerdsy the Deep Dwarf Earth Elementalist began the quest
                  | for the Orb.
     0 | D:1      | Reached XP level 1. HP: 15/15 MP: 3/3
   273 | D:1      | Reached XP level 2. HP: 22/22 MP: 1/4
   820 | D:1      | Reached XP level 3. HP: 15/28 MP: 6/6
  1485 | D:2      | HP: 1/28 [jackal (2)]
  1486 | D:2      | Slain by a jackal

Illustrated notes

Levels and vault maps discovered:
D:1:      shiori_shiawase, layout_basic, nicolae_figureground_sparkle
D:2:      layout_basic

Skill      XL: |  1  2 |
---------------+-------+-----
Spellcasting   | 2 |  2.1
Short Blades   | |  0.1
Maces & Flails | |  0.8
Armour         | |  0.8
Dodging        | |  2.5
Stealth        | |  2.9
Transmutations | |  0.8
Earth Magic    | |  4.9

Action                   || total
-------------------------++-------
Melee: Unarmed           ||     1
       Dagger            ||    65
       Club              ||     5
       Punch             ||     2
       Mace              ||    47
 Cast: Sandblast         ||    13
 Stab: Sleeping          ||     7
Armor: Leather armour    ||    26
       Ring mail         ||    29
Dodge: Dodged            ||    95
